 Seeded DCSS version 0.28-a0-819-g6ef7baa362 (webtiles) character file.

Game seed: 20211109 (custom seed)

104 a11behringer the Covered (level 4, -7/40 HPs)
             Began as a Minotaur Fighter on Nov 9, 2021.
             Mangled by Sigmund (10 damage)
             ... on level 2 of the Dungeon.
             The game lasted 00:05:40 (1840 turns).

a11behringer the Covered (Minotaur Fighter)         Turns: 1840, Time: 00:05:41

Health: -7/40      AC:  7    Str: 21    XL:     4   Next: 52%
Magic:  3/3        EV:  9    Int:  5    God:
Gold:   119        SH:  0    Dex: 10    Spells: 3/3 levels left

rFire   . . .      SeeInvis .   a - +0 long sword
rCold   . . .      Faith    .   c - +0 buckler
rNeg    . . .      Spirit   .   b - +0 scale mail
rPois   .          Reflect  .   (helmet restricted)
rElec   .          Harm     .   (no cloak)
rCorr   .          Rampage  .   (no gloves)
Will    .....                   (no boots)
Stlth   ..........              (no amulet)
HPRegen 0.13/turn               (no ring)
MPRegen 0.08/turn               (no ring)

@: confused
A: horns 2, retaliatory headbutt
a: no special abilities


You were on level 2 of the Dungeon.
You visited 1 branch of the dungeon, and saw 2 of its levels.

You collected 119 gold pieces.

Inventory:

Hand Weapons
 a - a +0 long sword (weapon)
 k - a +0 hunting sling
Missiles
 g - 15 poisoned darts (quivered)
 h - 80 bolts
Armour
 b - a +0 scale mail (worn)
 c - a +0 buckler (worn)
Scrolls
 d - a scroll of enchant weapon {unknown}
 e - a scroll of acquirement
 l - a scroll of identify {unknown}
Potions
 f - 2 potions of brilliance {unknown}
 i - a potion of berserk rage {unknown}
 j - a potion of degeneration {unknown}


   Skills:
 + Level 3.9 Fighting
 * Level 4.2 Long Blades
 + Level 4.4 Armour
 + Level 0.1 Dodging
 + Level 4.3 Shields


You had 3 spell levels left.
You didn't know any spells.
Your spell library contained the following spells:

 Spells                   Type           Power      Damage    Failure   Level
 Passwall                 Tmut/Erth      0%         N/A       91%         2
 Ozocubu's Armour         Ice            0%         N/A       99%         3
 Swiftness                Air            0%         N/A       99%         3
 Invisibility             Hex            0%         N/A       100%        6
 Ozocubu's Refrigeration  Ice            0%         4d5       100%        7


Dungeon Overview and Level Annotations

Branches:
Dungeon (2/15)

Altars:

Annotations:
D:2 Sigmund


Innate Abilities, Weirdness & Mutations

You have a pair of horns on your head.
You reflexively headbutt those who attack you in melee.


Message History

Sigmund shouts!
You headbutt the quokka.
You kill the quokka!
The hobgoblin hits you but does no damage.
You see here a quokka corpse.
You closely miss the hobgoblin.
The hobgoblin hits you but does no damage.
Sigmund gestures wildly while chanting.
Sigmund flickers and vanishes!
Deactivating autopickup; reactivate with Ctrl-A.
You slash the hobgoblin!
You kill the hobgoblin!
Something hits you.
Things that are here:
a hobgoblin corpse; a quokka corpse Something hits you.
You barely miss something. Something hits you.
You miss something. You slash something! Something hits you but does no damage.
You hit something but do no damage. Something hits you!
You miss something. Something hits you.
You slash something!
You hear some strange, mumbled words.
A puff of flame appears from out of thin air!
The puff of flame hits you!
You barely miss something. Something hits you but does no damage.
You miss something. You barely miss something. You headbutt something.
Something hits you!
* * * LOW HITPOINT WARNING * * *
You barely miss something. Something hits you.
* * * LOW HITPOINT WARNING * * *
You miss something. Something hits you.
* * * LOW HITPOINT WARNING * * *
You closely miss something. Your headbutt misses something.
You hear some strange, mumbled words.
You are confused.
You closely miss something. Something hits you but does no damage.
You bump into the rock wall.
You miss something. Your headbutt misses something. Something hits you!
You die...

....#.............# ##...#.##....
....#.#.#..###.#..###.....##.#...
)#+##...##..........#.....#.#.#..
)#.##.#.....##.#...........#.##..
.#.##.###........#####......##...
.#......#...##.#.# ##......#....
.#..........####.# ........#....
...............#†# #.......##...
≈≈.≈≈≈≈≈.≈≈≈≈≈..@# #......#.##..
#≈.≈###≈.≈###≈..{# ##....#.#.#..
#≈.≈# ≈.≈# #≈.#.# #....##.#...
#≈.≈# ≈.≈# #≈.... #...#.##....
≈≈.≈≈≈ ≈.≈≈≈≈≈.... #..#.#......
....... ......... #..##.......
≈≈.≈≈≈≈ ≈≈≈≈≈.#.#. ..#.........
≈###≈.....# ...........
#........##


There were no monsters in sight!

Vanquished Creatures
  3 gnolls (D:2)
  3 adders (D:2)
  A worm (D:2)
  A dart slug (D:1)
  3 bats
  3 endoplasms
  2 giant cockroaches
  2 goblins (D:1)
  3 hobgoblins
  2 jackals (D:1)
  2 kobolds
  6 quokkas
  4 ball pythons
  6 frilled lizards
  2 rats
43 creatures vanquished.

Vanquished Creatures (others)
  3 plants (D:1)
  2 withered plants (D:1)
5 creatures vanquished.

Grand Total: 48 creatures vanquished

Notes
Turn   | Place    | Note
-------+----------+-------------------------------------------
     0 | D:1      | a11behringer the Minotaur Fighter began the quest for the
                  | Orb.
     0 | D:1      | Reached XP level 1. HP: 19/19 MP: 0/0
   273 | D:1      | Found a faded altar of an unknown god.
   367 | D:1      | Reached XP level 2. HP: 27/27 MP: 1/1
  1380 | D:2      | Reached XP level 3. HP: 33/33 MP: 2/2
  1401 | D:2      | Identified a scroll of acquirement
  1624 | D:2      | Reached XP level 4. HP: 29/40 MP: 3/3
  1818 | D:2      | Noticed Sigmund
  1840 | D:2      | Mangled by Sigmund

Illustrated notes

Levels and vault maps discovered:
D:1:      amcnicky_arrival_wind_blow, layout_basic,
          shapermc_ecumenical_altar_flowoftime
D:2:      layout_basic, minmay_misc_feat_secret_circle, kennysheep_boxes,
          uniq_sigmund

Skill      XL: |  1  2  3 |
---------------+----------+-----
Shields        | 4 |  4.3
Long Blades    | 3 4 |  4.2
Armour         | 4 |  4.4
Fighting       | |  3.9
Dodging        | |  0.1

Action                   |  1- 3 |  4- 6 || total
-------------------------+-------+-------++-------
Melee: Long sword        |    88 |    30 ||   118
       Headbutt          |    19 |     6 ||    25
  Use: Scroll            |     2 |       ||     2
       Potion            |     1 |       ||     1
Armor: Scale mail        |    28 |     9 ||    37
Dodge: Dodged            |    39 |     7 ||    46
Block: Buckler           |    18 |     1 ||    19

Table legend: (Time is in decaauts)
 A = Elapsed time spent in this place.
 B = Non-inter-level travel time spent in this place.
 C = Inter-level travel time spent in this place.
 D = Time resting spent in this place.
 E = Time spent auto-exploring this place.
 F = Levels seen in this place.
 G = Mean time per level.
                   A        B        C        D        E       F      G
               +--------+--------+--------+--------+--------+-----+--------+
         Total |   1868 |   1478 |    390 |      0 |   1177 |   2 |  934.0 |
       Dungeon |   1868 |   1478 |    390 |      0 |   1177 |   2 |  934.0 |
               +--------+--------+--------+--------+--------+-----+--------+

Top non-repeatable levels by time:
     D:1: 1378 daAuts
     D:2: 490 daAuts
